 Dungeon Crawl Stone Soup version 0.29-a0-22-gbf593b16ee (webtiles) character file.

Game seed: 12534875399997572882

6165 Zonian the Nimble (level 11, -37/65 HPs)
             Began as a Djinni Ice Elementalist on Jan 29, 2022.
             Was a Priest of Ignis.
             Annihilated by a centaur warrior simulacrum (42 damage)
             ... on level 10 of the Dungeon.
             The game lasted 00:34:11 (15691 turns).

Zonian the Nimble (Djinni Ice Elementalist)        Turns: 15691, Time: 00:34:11

Health: -37/65     AC: 14    Str:  7    XL:     11   Next: 13%
Gold:   157        EV: 17    Int: 21    God:    Ignis [***...] SH:  0 Dex: 14

rFire   + + +      SeeInvis .   s - +9 double sword of Mayhem {freeze, rN+}
rCold   x . .      Faith    .   (no shield)
rNeg    + . .      Spirit   .   t - +1 steam dragon scales
rPois   ∞          Reflect  .   (no helmet)
rElec   .          Harm     .   D - +2 cloak {Stlth+}
rCorr   .          Rampage  .   r - +0 pair of gloves
Will    +....                   (boots unavailable)
Stlth   +++++.....              h - amulet of the acrobat
HPRegen 0.20/turn               d - +4 ring of protection
MPRegen 0.00/turn               (no ring)

@: flying
A: sickness immunity, fire resistance 2, cold vulnerability 1, float, innate
caster, HP casting, extra vitality 1
a: Renounce Religion, Fiery Armour, Foxfire Swarm


You were on level 10 of the Dungeon.
You worshipped Ignis.
Ignis was most pleased with you.
You visited 1 branch of the dungeon, and saw 10 of its levels.

You collected 496 gold pieces.
You spent 339 gold pieces at shops.

Inventory:

Hand Weapons
 b - a +0 vorpal dagger
 f - a +0 hand axe
 k - a +3 spectral club
 m - a +0 falchion
 s - the +9 double sword of Mayhem (weapon) {freeze, rN+}
   (You acquired it on level 5 of the Dungeon)

   It freezes those it strikes, dealing additional cold damage.
   It can also slow down cold-blooded creatures.
   rN:        It protects you from negative energy.
 w - a +3 short sword
 x - a +1 dagger of freezing
 J - a +3 dagger
Missiles
 u - 25 poisoned darts
 C - 65 sling bullets
Armour
 a - a +1 robe
 p - a +0 robe of willpower
 r - a +0 pair of gloves (worn)
 t - +1 steam dragon scales (worn)
 D - a +2 cloak of stealth (worn)
 K - an orb of wrath
Jewellery
 d - a +4 ring of protection (left hand)
 h - an amulet of the acrobat (around neck)
Wands
 q - a wand of flame (16)
 y - a wand of iceblast (5)
Scrolls
 c - 4 scrolls of teleportation
 i - 3 scrolls of blinking
 z - a scroll of fog
 B - a scroll of magic mapping
 E - a scroll of summoning
Potions
 e - 2 potions of haste
 g - a potion of might
 j - 2 potions of heal wounds
 l - a potion of berserk rage
 n - 4 potions of curing
 o - 2 potions of lignification
 v - a potion of attraction {unknown}
 A - a potion of mutation
 F - a potion of brilliance
 H - a potion of ambrosia {unknown}
Miscellaneous
 G - a phantom mirror
 I - a tin of tremorstones (2/2)


   Skills:
 + Level 6.7 Long Blades
 + Level 10.1 Dodging
 + Level 8.4 Stealth
 - Level 6.0 Spellcasting


You couldn't memorise any spells.
You knew the following spells:

 Your Spells              Type           Power      Damage    Failure   Level
a - Freeze                Ice            100%       1d11      1%          1
b - Frozen Ramparts       Ice            62%        1d8       2%          3
c - Ozocubu's Armour      Ice            31%        N/A       2%          3
d - Hailstorm             Conj/Ice       31%        3d8       9%          4
e - Summon Small Mammal   Summ           100%       N/A       1%          1
f - Ensorcelled Hibernat  Hex/Ice        62%        N/A       1%          2
g - Passwall              Tmut/Erth      25%        N/A       1%          2
h - Summon Ice Beast      Ice/Summ       31%        N/A       9%          4
i - Summon Mana Viper     Hex/Summ       31%        N/A       22%         5
Your spell library was empty.

Dungeon Overview and Level Annotations

Branches:
Dungeon (10/15)            Temple (0/1) D:7            Lair (0/6) D:9
    Orc (0/2) D:10

Altars:
Cheibriados
Okawaru
Sif Muna
Zin
Beogh
Ignis

Shops:
D:1 :[   D:2 [   D:8 ?

Annotations:
D:8 Maggie


Innate Abilities, Weirdness & Mutations

You are immune to sickness and miasma.
You are immune to poison.
Your flesh is very heat resistant. (rF++)
You are vulnerable to cold. (rC-)
You float through the air rather than walking.
You learn spells naturally, not from books.
Your magical power is your life essence.
You have superior vitality. (+4 MHP)


Message History

Really fly into that teleport trap?
You enter a teleport trap!
The teleport trap disappears.
Your surroundings suddenly seem different.
Unknown command.
You reach down and open the door.
There is an open door here.
Unknown command.
Found 20 bolts.
A centaur warrior simulacrum comes into view.
A centaur warrior zombie and a troll come into view.
The centaur warrior simulacrum misses you. x2
You slash the centaur warrior simulacrum!
The centaur warrior simulacrum is moderately damaged.
The centaur warrior simulacrum barely misses you.
The centaur warrior simulacrum misses you.
The centaur warrior simulacrum closely misses you. x2
Unknown command.
You slash the centaur warrior simulacrum!
The centaur warrior simulacrum is severely damaged.
The troll shouts!
You hear an angry growl.
The centaur warrior simulacrum barely misses you.
The centaur warrior simulacrum kicks you but does no damage.
Unknown command.
You slash the centaur warrior simulacrum!
The centaur warrior simulacrum is almost destroyed.
The centaur warrior simulacrum hits you.
The centaur warrior simulacrum freezes you!!!
You feel a terrible chill!
Ouch! That really hurt!
* * * LOW HITPOINT WARNING * * *
The centaur warrior simulacrum barely misses you.
The centaur warrior zombie hits you.
* * * LOW HITPOINT WARNING * * *
The centaur warrior zombie barely misses you.
The centaur warrior simulacrum hits you!
* * * LOW HITPOINT WARNING * * *
The centaur warrior simulacrum freezes you!!!
You feel a terrible chill!
Ouch! That really hurt!
You die...

. ... .. #........ ..##
#.. #....... ...###...
#......# #........
#......+ #........
#......# +........
#....(.# #Z.......
#......#####@Z......
#...................
#####......#########....
........#### T..
######### .


You could see a troll, a centaur warrior simulacrum and a centaur warrior
zombie.

Vanquished Creatures
  A troll (D:9)
  A hornet (D:9)
  A wyvern (D:9)
  10 yaks (D:9)
  2 steam dragons
  A water moccasin (D:8)
  Duvessa (D:4)
  An acid dragon (D:9)
  7 orc warriors
  A necrophage (D:6)
  2 ogres (D:6)
  A centaur (D:6)
  4 phantoms
  2 kobold brigands
  A bullfrog (D:8)
  A gnoll sergeant (D:4)
  A scorpion (D:5)
  Dowan (D:4)
  4 killer bees (D:6)
  9 wights (D:9)
  2 electric eels (D:9)
  4 howler monkeys
  2 bullfrog zombies
  3 hounds
  4 jellies
  6 orc priests
  A centaur zombie (D:6)
  2 bullfrog skeletons (D:6)
  Jessica (D:3)
  An iguana (D:6)
  Natasha (thrice) (D:3)
  5 orc wizards
  A scorpion zombie (D:5)
  A mummy (D:9)
  A howler monkey zombie (D:7)
  Robin (D:4)
  9 gnolls
  7 adders
  A white imp (D:7)
  An ufetubus (D:7)
  An adder zombie (D:5)
  4 worms
  4 dart slugs
  32 orcs
  8 bats
  7 endoplasms
  A giant cockroach (D:1)
  12 goblins
  10 hobgoblins
  6 jackals
  4 quokkas
  9 ball pythons
  2 frilled lizards
  26 kobolds
  5 rats
239 creatures vanquished.

Vanquished Creatures (collateral kills)
  An orc (D:9)
1 creature vanquished.

Vanquished Creatures (others)
  A jelly (D:7)
  66 foxfires
  20 plants (D:7)
87 creatures vanquished.

Grand Total: 327 creatures vanquished

Notes
Turn   | Place    | Note
-------+----------+-------------------------------------------
     0 | D:1      | Zonian the Djinni Ice Elementalist began the quest for the
                  | Orb.
     0 | D:1      | Reached XP level 1. HP: 15/15 MP: 0/0
   330 | D:1      | Reached XP level 2. HP: 18/21 MP: 0/0
   427 | D:1      | Found Fanaduaz's Book Shoppe.
   662 | D:1      | Found a faded altar of an unknown god.
   743 | D:1      | Prayed at the altar of an unknown god.
   743 | D:1      | Became a worshipper of Ignis, the Dying Flame
   845 | D:1      | Found Qaimos's Antique Armour Shoppe.
  1071 | D:2      | Reached XP level 3. HP: 22/25 MP: 0/0
  1071 | D:2      | Learned a level 1 spell: Summon Small Mammal
  1666 | D:2      | Reached skill level 3 in Dodging
  1717 | D:2      | Reached XP level 4. HP: 25/31 MP: 0/0
  2311 | D:2      | Found Wucw's Antique Armour Boutique.
  2311 | D:2      | Noticed a phantom
  2315 | D:2      | Killed a phantom
  2316 | D:2      | Reached XP level 5. HP: 35/35 MP: 0/0
  2316 | D:2      | Learned a level 2 spell: Ensorcelled Hibernation
  3401 | D:3      | Reached skill level 4 in Dodging
  4021 | D:3      | Noticed Natasha
  4033 | D:3      | Killed Natasha
  4034 | D:3      | Reached XP level 6. HP: 23/40 MP: 0/0
  4196 | D:3      | Noticed Jessica
  4206 | D:3      | Killed Jessica
  4307 | D:3      | Noticed Natasha
  4835 | D:3      | Killed Natasha
  4873 | D:3      | Noticed Natasha
  4883 | D:3      | Killed Natasha
  5364 | D:4      | Reached XP level 7. HP: 43/45 MP: 0/0
  5364 | D:4      | Learned a level 2 spell: Passwall
  5529 | D:4      | Noticed Dowan
  5544 | D:4      | Killed Dowan
  6057 | D:4      | Reached skill level 5 in Dodging
  6720 | D:4      | Noticed Robin
  6758 | D:4      | Killed Robin
  7198 | D:4      | Noticed Duvessa
  7329 | D:5      | Entered Level 5 of the Dungeon
  7687 | D:5      | Reached XP level 8. HP: 34/50 MP: 0/0
  7847 | D:5      | Identified a scroll of acquirement
  7847 | D:5      | Acquired the +9 double sword of Mayhem {freeze, rN+}
  8013 | D:5      | Reached skill level 5 in Spellcasting
  8094 | D:4      | Killed Duvessa
  8095 | D:4      | Reached skill level 6 in Dodging
  8555 | D:5      | Reached skill level 1 in Long Blades
  8555 | D:5      | Reached skill level 5 in Stealth
  8719 | D:6      | Reached XP level 9. HP: 38/55 MP: 0/0
  8719 | D:6      | Learned a level 4 spell: Summon Ice Beast
  8966 | D:6      | Reached skill level 7 in Dodging
  9388 | D:7      | Found a staircase to the Ecumenical Temple.
 10937 | D:8      | Noticed Maggie
 11325 | D:8      | Reached skill level 8 in Dodging
 11637 | D:8      | Reached XP level 10. HP: 9/60 MP: 0/0
 11915 | D:8      | Found Getweorap's Magic Scroll Boutique.
 12186 | D:1      | Bought a glowing cloak for 187 gold pieces
 12562 | D:8      | Bought a scroll of summoning for 152 gold pieces
 12912 | D:9      | Reached skill level 5 in Long Blades
 13187 | D:9      | Reached skill level 9 in Dodging
 13945 | D:9      | Found a snail-covered altar of Cheibriados.
 14291 | D:9      | Reached XP level 11. HP: 56/65 MP: 0/0
 14291 | D:9      | Learned a level 5 spell: Summon Mana Viper
 14646 | D:9      | Found a glowing silver altar of Zin.
 14692 | D:9      | Found a staircase to the Lair.
 14780 | D:10     | Entered Level 10 of the Dungeon
 14831 | D:10     | Found a staircase to the Orcish Mines.
 14844 | D:10     | Reached skill level 10 in Dodging
 15525 | D:10     | Found an iron altar of Okawaru.
 15626 | D:10     | Noticed a death yak
 15691 | D:10     | Annihilated by a centaur warrior simulacrum

Illustrated notes

Levels and vault maps discovered:
D:1:      dpeg_arrival_circle_labyrinth_c, layout_basic,
          nicolae_ecumenical_snake_handling, serial_shops, nicolae_diamond_shop,
          shop, nrook_loot_triangle
D:2:      layout_loops_cross, serial_shops, nicolae_shop_hallway_plus
D:3:      layout_basic, uniq_natasha, uniq_jessica
D:4:      layout_rooms, grunt_ministairs_6, lightli_minifort, uniq_duvessa,
          uniq_robin
D:5:      layout_rooms
D:6:      layout_loops_ring
D:7:      kennysheep_kobold_camp, layout_loops_ring,
          minmay_temple_entry_purple_smoke, nrook_mini_backslash
D:8:      layout_basic, serial_shops, kennysheep_little_box, uniq_maggie
D:9:      layout_rooms, nicolae_overflow_squiral, slow_altar_1, lair_entry_dummy
D:10:     layout_irregular_city, lemuel_tele_altar, david_orc_5, serial_ice,
          serial_ice_c, serial_ice_f, serial_ice_a, serial_ice_d, serial_ice_i

Skill      XL: |  1  2  3  4  5  6  7  8  9 10 11 |
---------------+----------------------------------+-----
Stealth        | 2 3 4 5 6 8 |  8.4
Dodging        | 3 4 5 6 8 9 10 | 10.1
Spellcasting   | 4 5 6 |  6.0
Long Blades    | 2 4 6 |  6.7

Action                   |  1- 3 |  4- 6 |  7- 9 | 10-12 || total
-------------------------+-------+-------+-------+-------++-------
Melee: Dagger            |    11 |    48 |   102 |       ||   161
       Punch             |       |     1 |     4 |     2 ||     7
       Double sword      |       |       |   138 |   115 ||   253
 Cast: Freeze            |    41 |    75 |    66 |     1 ||   183
       Ensorcelled Hiber |       |    13 |     7 |       ||    20
       Frozen Ramparts   |       |       |     7 |    15 ||    22
       Ozocubu's Armour  |       |       |     2 |     3 ||     5
       Summon Ice Beast  |       |       |       |     1 ||     1
Invok: Foxfire Swarm     |       |     1 |     2 |     1 ||     4
       Fiery Armour      |       |     1 |       |       ||     1
       Rising Flame      |       |       |       |     1 ||     1
Evoke: Wand              |       |       |       |    15 ||    15
  Use: Scroll            |       |     7 |     9 |     2 ||    18
       Potion            |       |     1 |     1 |     1 ||     3
 Stab: Sleeping          |       |     5 |     9 |     2 ||    16
       Distracted        |       |       |     1 |     1 ||     2
Armor: Robe              |    14 |    25 |    66 |       ||   105
       Steam dragon scal |       |       |    24 |    24 ||    48
Dodge: Dodged            |    34 |    73 |   258 |    88 ||   453

Table legend: (Time is in decaauts)
 A = Elapsed time spent in this place.
 B = Non-inter-level travel time spent in this place.
 C = Inter-level travel time spent in this place.
 D = Time resting spent in this place.
 E = Time spent auto-exploring this place.
 F = Levels seen in this place.
 G = Mean time per level.
                   A        B        C        D        E       F      G
               +--------+--------+--------+--------+--------+-----+--------+
         Total |  15768 |  14999 |    769 |   6043 |   5912 |  10 | 1576.8 |
       Dungeon |  15768 |  14999 |    769 |   6043 |   5912 |  10 | 1576.8 |
               +--------+--------+--------+--------+--------+-----+--------+

Top non-repeatable levels by time:
     D:4: 2784 daAuts
     D:9: 2141 daAuts
     D:2: 2120 daAuts
     D:3: 2031 daAuts
     D:8: 1865 daAuts
     D:7: 1633 daAuts
     D:1: 1102 daAuts
     D:6: 836 daAuts
     D:5: 822 daAuts
    D:10: 430 daAuts
